[Event "Late-Titled-Tuesday-Blitz-April-02-2024"]
[Site "Chess.com"]
[Date "2024.04.02"]
[Round "11"]
[White "jaskol95"]
[Black "Gabcur"]
[Result "1/2-1/2"]
[WhiteElo "2534"]
[BlackElo "2365"]
[TimeControl "180+1"]
[EndTime "16:05:26 PDT"]
[Termination "Game drawn by repetition"]

1. e4 e6 2. d4 d5 3. Nc3 Bb4 4. e5 Ne7 5. a3 Bxc3+ 6. bxc3 c5 7. Qg4 Kf8 8. h4 Qa5 9. Bd2 Qa4 10. Qd1 b6 11. Nf3 Ba6 12. Bd3 Bxd3 13. cxd3 Qxd1+ 14. Kxd1 Nd7 15. Ke2 Rc8 16. a4 Nc6 17. Rhb1 h6 18.
Bc1 Na5 19. dxc5 Nxc5 20. Ba3 Ke8 21. Bxc5 Rxc5 22. Kd2 Kd7 23. Rb4 Rhc8 24. Ra3 Nc6 25. Rg4 g6 26. d4 Ra5 27. h5 Ne7 28. hxg6 fxg6 29. Ne1 Rc4 30. Rh4 h5 31. Nc2 Rcxa4 32. Rxa4 Rxa4 33. g4 hxg4 34. Rxg4 Rc4 35. Rh4 a5 36.
Rh8 Rc8 37. Rh1 Rf8 38. Ke3 Nf5+ 39. Ke2 Rc8 40. Rh7+ Ne7 41. Kd3 a4 42. Nb4 a3 43.
Rh1 Rf8 44. Ke2 Nc6 45. Nc2 Ra8 46. Ra1 a2 47. Kd3 Ra4 48. Kd2 b5 49. Kc1 b4 50.
Kb2 bxc3+ 51. Kxc3 Rc4+ 52. Kb3 Nxd4+ 53. Nxd4 Rxd4 54.
Rxa2 Re4 55. Ra7+ Kc6 56. Ra6+ Kd7 57. Ra7+ Ke8 58. Rg7 Rxe5 59. Rxg6 Kd7 60. Kc3 Kd6 61. Kd4 Re4+ 62. Kd3 Rf4 63. Ke3 Rf5 64. Rg8 Ke5 65. Re8 d4+ 66. Ke2 Kd5 67. f3 e5 68. Rd8+ Kc4 69.
Rc8+ Kd5 70. Rd8+ Ke6 71. Re8+ Kf6 72. Rf8+ Kg5 73. Rg8+ Kf6 74. Rf8+ Ke6 75. Rh8 Rf6 76. Rh3 Kd5 77. Kd3 Ra6 78. Rh8 Ra3+ 79. Ke2 Re3+ 80. Kf2 Kc4 81. Ra8 Rb3 82. Ra4+ Kd3 83. Ra2 Rc3 84. Ra5 e4 85. fxe4 Kxe4 86. Ke2 Rc2+ 87. Kd1 Rh2 88. Ra3 Rf2 89. Rb3 Rg2 90. Ra3 Rf2 91. Rg3 Rf3 92. Rg8 Kd3 93. Ke1 Rh3 94. Rg1 Rh2 95. Kd1 Ra2 96. Rg3+ Kc4 97. Rh3 d3 98.
Rh8 Kc3 99. Rc8+ Kd4 100. Rd8+ Kc3 101. Rc8+ Kd4 102. Rd8+ Kc3 103. Rc8+ 1/2-1/2

[Event "Late-Titled-Tuesday-Blitz-April-02-2024"]
[Site "Chess.com"]
[Date "2024.04.02"]
[Round "11"]
[White "romulocardoso"]
[Black "chessydotcom"]
[Result "1/2-1/2"]
[WhiteElo "2410"]
[BlackElo "2308"]
[TimeControl "180+1"]
[EndTime "16:05:28 PDT"]
[Termination "Game drawn by agreement"]

1. e4 c5 2. Nf3 e6 3. d4 cxd4 4.
Nxd4 Nf6 5. Nc3 Nc6 6. Nxc6 bxc6 7. Bd3 d5 8. O-O Be7 9. e5 Nd7 10. Bf4 O-O 11. Bg3 Qc7 12. Rb1 h6 13. b4 Nxe5 14.
b5 Bd6 15. bxc6 a6 16. Re1 Nxd3 17. Qxd3 Qxc6 18. Bxd6 Qxd6 19. Ne4 Qc7 20. Ng3 Bd7 21. Rb4 Bb5 22. Qd4 Qxc2 23. Qg4 f5 24. Qg6 Rf6 25. Qh5 Qc3 26. Rbb1 Rc8 27. h4 f4 28. Ne2 Bxe2 29.
Rxe2 f3 30. Re3 Qc2 31. Rbe1 fxg2 32. R3e2 Qc5 33. Qg4 Rcf8 34. Qxg2 e5 35. Rd2 e4 36.
Red1 e3 37. Qxd5+ Qxd5 38. Rxd5 exf2+ 39. Kf1 Rg6 40. Ke2 Rg1 41. Rf1 Rxf1 42. Kxf1 g6 43. Rd6 Kg7 44. Rxa6 g5 45. hxg5 hxg5 46. a4 g4 47. Rc6 g3 48. Rc1 Kg6 49. Kg2 Kg5 50. Rc5+ Kf4 51. Rc3 Ke4 52. Rc1 Ke3 53. Ra1 Ke2 54.
Rf1 Rh8 55. Ra1 f1=Q+ 56. Rxf1 Ra8 57. Ra1 Kd3 58. a5 Kc4 59. a6 Kb5 60. a7 Kb6 61.
Kxg3 Rxa7 62. Rb1+ Kc6 63. Rc1+ Kd5 64. Rd1+ Ke4 65.
Re1+ Kd3 66. Re6 Rg7+ 67. Kf4 Rf7+ 68. Ke5 Rf1 69. Rd6+ Ke3 70. Ra6 Rb1 71. Ra3+ Kd2 72. Kd4 Rb4+ 73. Kc5 Rh4 74. Rg3 Rh5+ 75. Kc4 Rh4+ 76.
Kd5 Ke2 77. Ra3 Rb4 78. Kc5 Rh4 1/2-1/2

[Event "Late-Titled-Tuesday-Blitz-April-02-2024"]
[Site "Chess.com"]
[Date "2024.04.02"]
[Round "11"]
[White "GoltsevDmitry2000"]
[Black "AmanteDeMoi"]
[Result "1-0"]
[WhiteElo "2782"]
[BlackElo "2608"]
[TimeControl "180+1"]
[EndTime "16:06:04 PDT"]
[Termination "GoltsevDmitry2000 won on time"]

1. e4 g6 2. h4 h5 3. d4 Bg7 4. c3 d6 5. Bd3 e5 6. Nf3 Bg4 7. Qb3 Bxf3 8. gxf3 exd4 9. Qxb7 Nd7 10. Bb5 Ne7 11. Bxd7+ Kxd7 12. Qb3 Qe8 13. cxd4 Bxd4 14.
Qa4+ Nc6 15. Nd2 Rb8 16. Nb3 Rb4 17. Qa6 Bb6 18. Bd2 Rxe4+ 19. Kf1 Re6 20. Rc1 Ne5 21. Kg2 Qa8 22. Rh3 Ng4 23. Bg5 Nxf2 24. Rg3 Rhe8 25.
Qa4+ c6 26. Qc4 d5 27. Qf4 f5 28. Rc2 Nd3 29. Qd2 Ne1+ 30. Kh3 Nxc2 31. Qxc2 Re2 32. Qc3 R8e5 33. f4 d4 34. Qc4 Re6 35. Nxd4 c5 36. Nf3 Qe4 37. Qb5+ Qc6 38. Qd3+ Rd6 39.
Qxe2 Qe4 40. Qxe4 fxe4 41. Ne5+ Ke6 42. Re3 Kf5 43. Kg3 Rd2 44. Nc4 Rd4 45. b3 Bc7 46.
Ne5 Rd5 47. Nc4 Rd4 48. a4 Rd5 49. Ne5 Rd4 50. Nf7 Rd1 51. Nh6+ Ke6 52. Rxe4+ Kd5 53. Re2 Rd3+ 54. Kf2 Rxb3 55. Ng8 c4 56. Ne7+ Kd6 57. Nxg6 Bb6+ 58. Kg2 c3 59. Ne5 Rb2 60. Nc4+ Kd5 61. Nxb2 cxb2 62. Rxb2 Bd4 63. Re2 Bc3 64. f5 a5 65. f6 Kc4 66. f7 Bb4 67. Be7 Kb3 68.
f8=Q Kxa4 69. Qe8+ Kb3 70. Qxh5 a4 71. Qb5 Kc3 72.
Qxb4+ Kd3 73. Qe4+ Kc3 74. h5 Kb3 75. h6 Kc3 76. h7 a3 77. h8=Q+ 1-0

[Event "Late-Titled-Tuesday-Blitz-April-02-2024"]
[Site "Chess.com"]
[Date "2024.04.02"]
[Round "11"]
[White "Mops_2004"]
[Black "TigrVShlyape"]
[Result "1-0"]
[WhiteElo "2813"]
[BlackElo "2939"]
[TimeControl "180+1"]
[EndTime "16:07:19 PDT"]
[Termination "Mops_2004 won on time"]

1. Nf3 Nf6 2. g3 g6 3. Bg2 Bg7 4. d4 d5 5. O-O O-O 6. c4 c6 7. b3 Ne4 8. Bb2 Bf5 9. e3 a5 10. Nc3 Nxc3 11. Bxc3 Be4 12. Qe2 e6 13. Rfc1 Nd7 14.
Bf1 Bxf3 15. Qxf3 Qb6 16. Rab1 Qa7 17. a4 Rfe8 18. cxd5 exd5 19. b4 axb4 20. Rxb4 Bf8 21. Rbb1 Bg7 22. a5 Nf6 23. Rb3 Ne4 24. Be1 Re7 25. a6 Rc8 26. axb7 Rxb7 27. Qd1 Rxb3 28. Qxb3 Rb8 29. Qc2 Rb6 30. Bd3 Nd6 31. Bc3 Qb7 32. Ba5 Rb3 33. Qxc6 Bf8 34. Bf1 Qxc6 35. Rxc6 Ne4 36.
Rc2 Bd6 37. Kg2 Kg7 38. Be2 Ba3 39. Bf3 Rb2 40. Rxb2 Bxb2 41. Kf1 f5 42. Be2 Kf6 43. Bb5 Ke6 44. Ba6 Ba3 45. Bc8+ Ke7 46. Ba6 Ke6 47. Be1 h5 48. f3 Nf6 49. Ke2 Bd6 50. Bc8+ Ke7 51. Ba6 Kd7 52. Bd3 Ke6 53. Bc2 Kd7 54. Ba4+ Ke6 55. Ba5 Ke7 56. Bb6 Bb8 57. Bc5+ Ke6 58.
Kd3 Bc7 59. Bb5 Bb8 60. Ba6 Kd7 61. Bb5+ Ke6 62. Bb4 Bc7 63. Bf8 Kf7 64. Bc5 Ke6 65. Ba4 Bb8 66. Bc2 Bc7 67. Ke2 Bb8 68. Bb4 Bc7 69.
Bd2 Bb8 70. Kf2 Bc7 71. Kg2 Bb8 72. Bd3 Bc7 73. Be1 Bb8 74. Be2 Bc7 75. h3 Bb8 76. g4 hxg4 77. hxg4 fxg4 78. fxg4 Bd6 79. Bh4 Ne4 80.
Bf3 Nd2 81. Be2 Ne4 82. Bd3 Kf7 83. Be1 Kf6 84. Kf3 Ng5+ 85. Ke2 Ne4 86. Bh4+ Ke6 87.
Kf3 Nd2+ 88. Kg2 Ne4 89. Ba6 Kd7 90. Bd3 Ke6 91. Be1 Bc7 92. Bc2 Bd6 93. Ba4 Kf7 94. Bc6 Ke6 95. Be8 Nf6 96. Bxg6 Nxg4 97. Kf3 Nf6 98.
Bd3 Bc7 99. Bh4 Bd6 100. Bc2 Bc7 101. Be1 Bd6 102. Ke2 Ne4 103. Kd3 Bc7 104. Bb3 Bg3 105. Bb4 Bd6 106. Ba5 Be7 107. Ke2 Bd6 108. Ba4 Be7 109. Bc6 Bd6 110. Bb7 Be7 111. Bc8+ Kf7 112. Bf5 Bd6 113. Kd3 Nf6 114. Bd2 Ke7 115. Be1 Kf7 116. Bh4 Bc7 117. Bc8 Bd6 118. Bb7 Ke6 119. Bxf6 Kxf6 120. Bxd5 Bg3 121. e4 Bh2 122. Bb3 1-0